 Dungeon Crawl Stone Soup version 0.21.1 (webtiles) character file.

91 Mirai the Sneak (level 4, -6/27 HPs)
             Began as a Kobold Assassin on Feb 2, 2018.
             Killed from afar by an orc wizard (9 damage)
             ... with a puff of flame
             ... on level 4 of the Dungeon on Feb 3, 2018.
             The game lasted 00:16:49 (2515 turns).

Mirai the Sneak (Kobold Assassin)                   Turns: 2515, Time: 00:16:50

Health: -6/27      AC:  6    Str:  8    XL:     4   Next: 88%
Magic:  4/4        EV: 14    Int: 12    God:
Gold:   145        SH:  0    Dex: 17    Spells: 3/3 levels left

rFire    . . .     SeeInvis .   z - +1 dagger (speed)
rCold    . . .     Gourm    .   (shield restricted)
rNeg     . . .     Faith    +   x - +2 leather armour
rPois    +         Spirit   .   (no helmet)
rElec    .         Reflect  .   d - +0 cloak
rCorr    .         Harm     .   (no gloves)
MR       .....                  (no boots)
Stlth    +++.......             u - amulet of faith
HPRegen  0.09/turn              j - ring of poison resistance
MPRegen  0.09/turn              (no ring)

@: no status effects
A: small, carnivore
a: no special abilities


You were on level 4 of the Dungeon.
You were completely stuffed.

You visited 1 branch of the dungeon, and saw 4 of its levels.

You collected 145 gold pieces.

Inventory:

Hand Weapons
 a - a +2 dagger
 b - a +0 blowgun
 m - a +0 great sword
 w - a +0 short sword
 y - a +0 hunting sling
 z - a +1 dagger of speed (weapon)
Missiles
 e - 18 poisoned needles (quivered)
 f - 2 curare-tipped needles
 A - 15 bolts
Armour
 c - a +0 robe
 d - a +0 cloak (worn)
 h - a +0 leather armour
 l - a +0 robe
 q - a +0 ring mail
 s - a +0 leather armour
 x - a +2 leather armour (worn)
Jewellery
 j - a ring of poison resistance (left hand)
 u - an amulet of faith (around neck)
Wands
 r - a wand of paralysis (14)
Scrolls
 o - 5 scrolls of identify
 B - a scroll of random uselessness {unknown}
 C - a scroll of enchant weapon {unknown}
Potions
 i - a potion of degeneration {unknown}
 k - a potion of flight {unknown}
 n - a potion of agility {unknown}
 p - 2 potions of heal wounds {unknown}
 t - 2 potions of haste {unknown}
 v - 4 potions of curing {unknown}
Comestibles
 g - 4 rations


   Skills:
 + Level 2.4 Fighting
 + Level 3.7 Short Blades
 + Level 2.5 Throwing
 + Level 0.9 Armour
 + Level 2.0 Dodging
 * Level 6.5 Stealth


You had 3 spell levels left.
You didn't know any spells.

Dungeon Overview and Level Annotations

Branches:
Dungeon (4/15)
 Temple: D:4-7

Altars:
Gozag

Shops:
D:3 *


Innate Abilities, Weirdness & Mutations

You are small and have problems with some larger weapons.
You are carnivorous and can eat meat at any time.


Message History

* * * LOW HITPOINT WARNING * * *
You closely miss the orc wizard.
The orc wizard is severely wounded.
You hit the orc wizard.
The orc wizard is almost dead.
The orc wizard hits you with a dagger.
* * * LOW HITPOINT WARNING * * *
Okay, then.
You closely miss the orc wizard.
The orc wizard is almost dead.
The orc completely misses you. The orc wizard closely misses you.
You hit the orc wizard.
The orc wizard is almost dead.
The orc wizard hits you but does no damage.
The orc barely misses you.
You closely miss the orc wizard.
The orc wizard is almost dead.
The orc wizard gestures at you while chanting.
The puff of flame hits you!
You die...

.....######
#......# #.####
######.# #.####
#....#
#....######..
##...........
#####..........
#ooo...........
#@###.#######..
#.###.###### .
#.##.......#
.####.##o.####...
#.....).).#
..###.##.##
...##.# ######.#
#..


You could see an orc wizard and 2 orcs.

Vanquished Creatures
  3 adders
  A worm (D:2)
  2 dart slugs (D:3)
  A leopard gecko (D:2)
  7 orcs
  3 giant cockroaches
  6 goblins
  3 hobgoblins
  2 kobolds
  A quokka (D:3)
  A ball python (D:2)
  12 bats
  3 frilled lizards
  A leopard gecko skeleton (D:3)
  4 rats
50 creatures vanquished.

Notes
Turn   | Place    | Note
-------+----------+-------------------------------------------
     0 | D:1      | Mirai the Kobold Assassin began the quest for the Orb.
     0 | D:1      | Reached XP level 1. HP: 12/12 MP: 1/1
   616 | D:1      | Reached XP level 2. HP: 17/17 MP: 2/2
   834 | D:2      | Reached skill level 6 in Stealth
   834 | D:2      | Reached XP level 3. HP: 17/21 MP: 3/3
  1645 | D:3      | Reached XP level 4. HP: 26/26 MP: 4/4
  1670 | D:3      | Found an opulent altar of Gozag.
  1671 | D:3      | Found Gozag's Platinum Reserve.
  2515 | D:4      | Killed from afar by an orc wizard

Skill      XL: |  1  2  3  4 |
---------------+-------------+-----
Stealth        | 6 |  6.5
Short Blades   | 3 |  3.7
Dodging        | 2 |  2.0
Fighting       | |  2.4
Throwing       | |  2.5
Armour         | |  0.9

Action                   |  1- 3 |  4- 6 || total
-------------------------+-------+-------++-------
Melee: Dagger            |    90 |   118 ||   208
  Use: Scroll            |     7 |       ||     7
 Stab: Sleeping          |     9 |     4 ||    13
       Distracted        |       |     1 ||     1
  Eat: Chunk             |    10 |     3 ||    13
Armor: Leather armour    |    53 |    23 ||    76
Dodge: Dodged            |   101 |    65 ||   166
